 Dungeon Crawl Stone Soup version 0.18-a0-1157-g59db91b (webtiles) character file.

182 st0uf the Changer (level 5, -1/40 HPs)
             Began as a Draconian Transmuter on Jan 23, 2016.
             Slain by Blork the orc
             ... wielding a +2 battleaxe of venom
              (6 damage)
             ... on level 4 of the Dungeon.
             The game lasted 00:14:55 (3086 turns).

st0uf the Changer (Draconian Transmuter)            Turns: 3086, Time: 00:14:55

Health: -1/40      AC:  7    Str: 12    XL:     5   Next: 34%
Magic:  8/8        EV: 12    Int: 15    God:
Gold:   178        SH:  0    Dex: 11    Spells: 3 memorised, 2 levels left

rFire  . . .     SeeInvis .       - Unarmed
rCold  . . .     Gourm    .     (armour unavailable)
rNeg   . . .     Faith    .     (no shield)
rPois  .         Spirit   .     (helmet restricted)
rElec  .         Dismiss  .     s - +0 cloak
rCorr  .         Reflect  .     (no gloves)
SustAt .         Harm     .     o - +0 pair of boots
MR     +....                    (no amulet)
Stlth  +.........               (no ring)
                                n - ring of protection from magic

@: lethally poisoned (-1 -> -31), somewhat resistant to hostile enchantments,
very unstealthy
A: unfitting armour, cold-blooded, AC +5
a: no special abilities


You were on level 4 of the Dungeon.
You were not hungry.

You visited 1 branch of the dungeon, and saw 4 of its levels.

You collected 178 gold pieces.

Inventory:

Missiles
 a - 3 arrows
Armour
 o - a +0 pair of boots (worn)
 s - a +0 cloak (worn)
Jewellery
 n - a ring of protection from magic (left hand)
Scrolls
 f - a scroll of enchant armour {unknown}
 g - a scroll of immolation {unknown}
 p - 3 scrolls of teleportation {unknown}
 q - a scroll of random uselessness {unknown}
 r - a scroll of noise {unknown}
 t - a scroll of fog {unknown}
 u - a scroll of identify {unknown}
 w - a scroll of amnesia {unknown}
 y - a scroll of blinking {unknown}
 z - a scroll of remove curse {unknown}
Potions
 e - a potion of brilliance {unknown}
 i - a potion of might {unknown}
 j - a potion of haste {unknown}
 k - 3 potions of flight {unknown}
 l - a potion of mutation {unknown}
 v - a potion of cancellation {unknown}
 A - a potion of heal wounds {unknown}
Books
 b - a book of Changes

   Spells                             Type                      Level
   a - Beastly Appendage              Transmutation                1
   b - Sticks to Snakes               Transmutation                2
   c - Spider Form                    Transmutation/Poison         3
   d - Ice Form                       Ice/Transmutation            4
   e - Blade Hands                    Transmutation                5
Comestibles
 c - 5 bread rations
 d - a slice of pizza
 h - 2 chunks of flesh
 m - a beef jerky
 x - 4 fruits


   Skills:
 - Level 1.1 Fighting
 - Level 1.7 Dodging
 - Level 3.0 Unarmed Combat
 - Level 2.0 Spellcasting
 + Level 5.6 Transmutations


You had 2 spell levels left.
You knew the following spells:

 Your Spells              Type           Power        Failure   Level  Hunger
a - Beastly Appendage     Trmt           ###...       1%          1    #......
b - Sticks to Snakes      Trmt           ###.....     3%          2    ###....
c - Spider Form           Trmt/Pois      ##........   24%         3    ###....


Dungeon Overview and Level Annotations

Branches:
Dungeon (4/15)
 Temple: D:4-7

Altars:

Annotations:
D:4 Blork the orc


Innate Abilities, Weirdness & Mutations

Your plain brown scales are hard (AC +5).
Your body does not fit into most forms of armour.
You are cold-blooded and may be slowed by cold attacks.


Message History

Blork the orc flickers and vanishes!
Deactivating autopickup; reactivate with Ctrl-A.
Something hits you!
You are lethally poisoned!
You hit something but do no damage. You headbutt something.
* * * LOW HITPOINT WARNING * * *
You feel sick. Something hits you but does no damage.
You are more poisoned.
You barely miss something. Your headbutt misses something.
Your horns disappear.
* * * LOW HITPOINT WARNING * * *
You feel very sick.
You hear some strange, mumbled words.
A magic dart appears from out of thin air!
The magic dart hits you!
* * * LOW HITPOINT WARNING * * *
You miss something.
* * * LOW HITPOINT WARNING * * *
You feel sick. Something hits you.
You die...

#.....#.##....
########.......##....
#.............###....
#...............##'##
#...........#.#.##.#
#...........#.#.##.#
#.............#..#.#
#...{...##.##..#.#.#
#...@...##.#.....#.##
#...........##.##....
#...........##.##....
#..............##....
#...........#...#....
#.......#####...#....
#.......# ###.#....
######### ......
......


There were no monsters in sight!

Vanquished Creatures
  An orc priest (D:3)
  Jessica (D:2)
  2 adders (D:2)
  A river rat (D:3)
  2 oozes (D:2)
  2 worms
  5 giant geckos
  3 orcs (D:3)
  4 giant cockroaches
  4 goblins
  6 hobgoblins
  2 jackals (D:1)
  2 quokkas (D:3)
  A ball python (D:2)
  7 bats
  6 giant newts
  8 kobolds
  A quokka skeleton (D:4)
  8 rats
66 creatures vanquished.

Vanquished Creatures (collateral kills)
  2 adders (D:3)
  A worm (D:2)
  A giant gecko (D:3)
  2 orcs (D:3)
  A giant cockroach (D:3)
7 creatures vanquished.

Grand Total: 73 creatures vanquished

Notes
Turn   | Place    | Note
--------------------------------------------------------------
     0 | D:1      | st0uf the Draconian Transmuter began the quest for the Orb.
     0 | D:1      | Reached XP level 1. HP: 16/16 MP: 3/3
   695 | D:1      | Reached XP level 2. HP: 23/23 MP: 3/5
   713 | D:1      | Learned a level 2 spell: Sticks to Snakes
  1068 | D:2      | Reached XP level 3. HP: 19/28 MP: 3/6
  1293 | D:2      | Noticed Jessica
  1298 | D:2      | Killed Jessica
  1298 | D:2      | Reached skill level 4 in Transmutations
  1441 | D:2      | Reached XP level 4. HP: 32/35 MP: 5/7
  1449 | D:2      | Learned a level 3 spell: Spider Form
  2204 | D:3      | Reached skill level 5 in Transmutations
  2215 | D:3      | Reached XP level 5. HP: 25/40 MP: 5/8
  2475 | D:3      | Found a glowing drain.
  3071 | D:4      | Noticed Blork the orc
  3086 | D:4      | Slain by Blork the orc

Vault maps used:
D:1:      dpeg_arrival_oval
D:2:      first_bread, uniq_jessica
D:3:      gup_sewer_entry_bubbles
D:4:      gammafunk_temple_overflow_elements, minmay_small_thing, uniq_edmund,
          uniq_robin, uniq_blork_the_orc

Action                   |  1- 3 |  4- 6 || total
-------------------------+-------+-------++-------
Melee: Unarmed           |   106 |   149 ||   255
 Cast: Beastly Appendage |    18 |    21 ||    39
       Sticks to Snakes  |     3 |     6 ||     9
 Stab: Sleeping          |       |     1 ||     1
       Distracted        |       |     1 ||     1
  Eat: Chunk             |     2 |     7 ||     9
